101 grindfest

Match 26121353
End
Panzergrenadier Squad
Selects Italian Infantry
250 Light Carrier
Panzergrenadier Squad
Construct Light Support Kompanie
Combat Half-tracks
Fire Support Elements
Selects Guastatori Squad
Guastatori Squad
le.IG 18 Mechanized Group
Pak 38 Anti-tank Gun Team
Construct Panzerarmee Kommand
Vehicle Survival Package
Selects Defensive Operations
Panzer III L Medium Tank
Emergency Repair Kits
Selects Prepared Positions
Panzer III L Medium Tank
Rapid Advance
Selects Registered Artillery
Selects Towed Cannone da 105/28 Field Howitzer
Panzer III L Medium Tank
Panzer III L Medium Tank
Panzer III L Medium Tank
Tungsten Core Ammunition
Armored Reserves
Advanced Optics
Guastatori Squad
Tiger Heavy Tank
Panzer III L Medium Tank
Panzer III L Medium Tank
Panzerpioneer Squad
Panzer III L Medium Tank
Registered Artillery
Panzer III L Medium Tank
Panzer IV Assault Group
Havoc
HulkSMASH
Zulu Company
Dumais
0
0

Comments sign in to comment!

No comments posted yet!